Map: Frozen Temple

Players

tehNice

  • Race: Protoss Protoss
  • League: Gold
  • Spawn Location: 5:00

Fropez - Winner!

  • Race: Protoss Protoss
  • League: Gold
  • Spawn Location: 11:00

VOD

Have the link to the VOD?

Description

Time

  • Played on: Nov. 13, 2016, 3:40 p.m.
  • Length: 4:31
Show
View Real Time Build Order
Export as new Build Order

tehNice Protoss 

Build Orders:  

Get SALT Encoding   

  12  0:03  Probe (Chrono Boost)  
  13  0:14  Probe (Chrono Boost)  
  14  0:25  Probe (Chrono Boost)  
  14  0:26  Pylon  
  15  0:44  Probe (Chrono Boost)  
  15  0:47  Gateway  
  16  0:51  Assimilator  
  16  0:55  Probe (Chrono Boost)  
  17  1:00  Pylon  
  17  1:05  Probe (Chrono Boost)  
  18  1:16  Probe (Chrono Boost)  
  19  1:19  Pylon  
  19  1:26  Probe (Chrono Boost)  
  19  1:30  Assimilator  
  20  1:37  Probe (Chrono Boost)  
  21  1:42  Cybernetics Core  
  21  1:48  Probe (Chrono Boost)  
  22  1:58  Probe (Chrono Boost)  
  23  2:05  Forge  
  23  2:08  Pylon  
  23  2:09  Probe (Chrono Boost)  
  24  2:19  Probe (Chrono Boost)  
  24  2:20  Warp Gate  
  25  2:25  Stalker  
  28  2:30  Probe (Chrono Boost)  
  28  2:40  Probe (Chrono Boost)  
  29  2:57  Gateway  
  29  2:58  Gateway  
  29  3:02  Robotics Facility  
  29  3:04  Mothership Core (Chrono Boost)  
  31  3:09  Pylon  
  31  3:20  Pylon  
  31  3:24  Pylon  
  32  3:27  Probe (Chrono Boost)  
  32  3:37  Probe (Chrono Boost)  
  32  3:51  Immortal  
  30  4:18  Probe (Chrono Boost)  
  31  4:26  Photon Cannon  
Show
View Real Time Build Order
Export as new Build Order

Fropez Protoss - Winner!

Build Orders:  

Get SALT Encoding   

  12  0:02  Probe (Chrono Boost)  
  13  0:12  Probe (Chrono Boost)  
  14  0:20  Pylon  
  14  0:23  Probe (Chrono Boost)  
  15  0:38  Gateway  
  15  0:39  Probe (Chrono Boost)  
  17  0:50  Probe (Chrono Boost)  
  17  0:54  Assimilator  
  17  1:01  Gateway  
  17  1:02  Probe (Chrono Boost)  
  18  1:15  Probe (Chrono Boost)  
  19  1:26  Cybernetics Core  
  19  1:27  Probe (Chrono Boost)  
  20  1:34  Assimilator  
  20  1:42  Pylon  
  20  1:49  Pylon, Probe (Chrono Boost)  
  21  2:05  Twilight Council  
  21  2:06  Probe (Chrono Boost)  
  22  2:13  Warp Gate (Chrono Boost)  
  22  2:26  Adept x2  
  26  2:42  Nexus  
  27  2:45  Pylon  
  27  2:52  Mothership Core  
  27  2:56  Adept  
  30  3:03  Adept  
  32  3:13  Pylon, Probe  
  33  3:25  Probe  
  34  3:36  Stalker  
  34  3:37  Probe  
  37  3:43  Stalker  
  39  3:55  Probe  
  40  3:58  Pylon  
  40  4:18  Probe  
  42  4:26  Gateway  
Tags
 
League
GoldGold
Matchup
PvP
Replay Pack
All Mines
Spawn Locations
Cross Positions
Add a new tag
Caveats
  • Supply blocks, unpowered buildings, or Contaminate may cause inaccurate times.
  • Supply counts are checked every 10 seconds.